 Dungeon Crawl Stone Soup version 0.18.1-48-g4cf74bf (webtiles) character file.

212 Alarkh the Shooter (level 5, 0/38 HPs)
             Began as a Mummy Hunter on Aug 6, 2016.
             Slain by a hound (4 damage)
             ... on level 4 of the Dungeon.
             The game lasted 00:04:33 (3374 turns).

Alarkh the Shooter (Mummy Hunter)                   Turns: 3374, Time: 00:04:33

Health: 0/38       AC:  3    Str: 15    XL:     5   Next: 58%
Magic:  5/5        EV: 11    Int: 11    God:
Gold:   75         SH:  0    Dex: 13    Spells: 0 memorised, 4 levels left

rFire  . . .     SeeInvis .     b - +0 short sword
rCold  + . .     Gourm    .     c - +0 leather armour
rNeg   + + +     Faith    .     (no shield)
rPois  ∞         Spirit   .     (no helmet)
rElec  .         Dismiss  .     (no cloak)
rCorr  .         Reflect  .     (no gloves)
SustAt .         Harm     .     (no boots)
MR     .....                    (no amulet)
Stlth  ..........               g - ring of protection from fire
                                f - ring of loudness (curse)

@: not resistant to hostile enchantments, extremely unstealthy
A: no food or potions, fire vulnerability, cold resistance 1, negative energy
resistance 3, torment resistance, unbreathing
a: no special abilities


You were on level 4 of the Dungeon.
You were not hungry.

You visited 1 branch of the dungeon, and saw 4 of its levels.

You collected 75 gold pieces.

Inventory:

Hand Weapons
 a - a +1 shortbow
 b - a +0 short sword (weapon)
Armour
 c - a +0 leather armour (worn)
Jewellery
 f - a cursed ring of loudness (left hand)
 g - a ring of protection from fire (right hand)
Scrolls
 e - a scroll of teleportation {unknown}
 h - a scroll of identify {unknown}
 i - a scroll of immolation {unknown}
 j - a scroll of remove curse {unknown}
 k - a scroll of fear {unknown}
 l - a scroll of amnesia
 m - a scroll of noise {unknown}


   Skills:
 - Level 2.0 Fighting
 + Level 5.7 Bows
 - Level 1.6 Dodging
 - Level 0.7 Stealth


You had 4 spell levels left.
You didn't know any spells.

Dungeon Overview and Level Annotations

Branches:
Dungeon (4/15)
 Temple: D:4-7

Altars:
Ashenzari
Fedhas
Makhleb
Pakellas
Sif Muna

Annotations:
D:3 junkhipster's ghost, amateur GrFi


Innate Abilities, Weirdness & Mutations

You do not eat or drink.
Your flesh is vulnerable to fire.
You are immune to poison.
Your flesh is cold resistant.
You are immune to negative energy.
You are immune to unholy pain and torment.
You can survive without breathing.


Message History

A hound comes into view.
An orc wizard comes into view. It is wielding a dagger.
The orc wizard shouts!
The hound barks!
Something tries to affect you, but you resist.
Found a bread ration.
There is an open door here.
The orc wizard miscasts a cantrip.
The orc wizard hits you but does no damage.
The hound bites you but does no damage.
The orc wizard mumbles some strange words.
The orc wizard seems to speed up.
The hound barely misses you.
The hound stops to sniff the ground.
The hound closely misses you. The orc wizard casts a spell at you.
The puff of flame hits you!
* * * LOW HITPOINT WARNING * * *
The hound bites you.
* * * LOW HITPOINT WARNING * * *
You open the door. The hound bites you.
You die...

..................#.#
#######....######.#(#
#....# #...# ######
##..# #########..#
#.......#!.# #
#.......##.###.#
#.......'.(....#
#......@##..##.#
#....o.h##..##
.......o##..?#+######
.%....l.##..........(
........##...........
.......l##...........
........##....>......
........##...........
........'............


You could see an iguana, a hound, 2 orc wizards and a giant newt.

Vanquished Creatures
  Terence (D:2)
  2 orc wizards (D:3)
  A gnoll (D:1)
  3 adders (D:2)
  3 worms
  A giant gecko (D:2)
  7 orcs (D:3)
  12 bats
  3 giant cockroaches
  7 goblins
  4 hobgoblins
  16 jackals
  8 kobolds
  A quokka (D:2)
  2 giant newts
  12 rats
83 creatures vanquished.

Notes
Turn   | Place    | Note
--------------------------------------------------------------
     0 | D:1      | Alarkh the Mummy Hunter began the quest for the Orb.
     0 | D:1      | Reached XP level 1. HP: 16/16 MP: 1/1
     6 | D:2      | Reached XP level 2. HP: 22/22 MP: 2/2
   138 | D:2      | Found a shattered altar of Ashenzari.
   253 | D:2      | Reached skill level 4 in Bows
   395 | D:2      | Found a blossoming altar of Fedhas.
   396 | D:2      | Found an oddly glowing altar of Pakellas.
   437 | D:2      | Reached XP level 3. HP: 26/27 MP: 3/3
   453 | D:2      | Noticed Terence
   483 | D:2      | Killed Terence
   890 | D:1      | Reached XP level 4. HP: 17/33 MP: 4/4
  2075 | D:2      | Reached skill level 5 in Bows
  2132 | D:2      | Found a burning altar of Makhleb.
  2675 | D:2      | Reached XP level 5. HP: 38/38 MP: 5/5
  2786 | D:3      | Found a deep blue altar of Sif Muna.
  3093 | D:3      | Noticed junkhipster's ghost (amateur GrFi)
  3374 | D:4      | Slain by a hound

Skill      XL: |  1  2  3  4 |
---------------+-------------+-----
Bows           | 4 5 |  5.7
Fighting       | |  2.0
Dodging        | |  1.6
Stealth        | |  0.7

Action                   |  1- 3 |  4- 6 || total
-------------------------+-------+-------++-------
Melee: Short sword       |    37 |   200 ||   237
 Fire: Shortbow          |    67 |    77 ||   144
  Use: Scroll            |       |     1 ||     1
Armor: Leather armour    |    35 |   108 ||   143
Dodge: Dodged            |    44 |   180 ||   224
